 Dungeon Sprint DCSS version 0.19-a0-1553-g64c24c3 (webtiles) character file.

0 Sphara the Firebug (level 1, -10/11 HPs)
             Began as an Octopode Fire Elementalist on Sept 14, 2016.
             Was an Initiate of Vehumet.
             Killed from afar by a purple draconian (21 damage)
             ... with a bolt of dispelling energy
             ... in the Dungeon (Sprint V: "Ziggurat Sprint").
             The game lasted 00:01:11 (59 turns).

Sphara the Firebug (Octopode Fire Elementalist)       Turns: 59, Time: 00:01:12

Health: -10/11     AC:  4    Str: 19    XL:     1   Next: 0%
Magic:  3/3        EV: 14    Int: 29    God:    Vehumet [......]
Gold:   0          SH:  0    Dex: 24    Spells: 1 memorised, 3 levels left

rFire  + . .     SeeInvis .     I - +8 lance "Wyrmbane" {slay drac, rPois rF+ rC+ AC+3}
rCold  + . .     Gourm    .     (no shield)
rNeg   . . .     Faith    .     (helmet restricted)
rPois  +         Spirit   .     (no amulet)
rElec  .         Dismiss  .     p - +6 ring of dexterity
rCorr  .         Reflect  .     q - +6 ring of dexterity
MR     .....     Harm     .     r - +6 ring of intelligence
Stlth  ++++...... NoTele   +    s - +6 ring of intelligence
                                t - +6 ring of strength
                                u - +6 ring of strength
                                (no ring)
                                (no ring)

@: hasted (expiring), invisible (expiring), very quick
A: almost no armour, stealthy swim, amphibious, 8 rings, constrict 8, camouflage
1, gelatinous body 1
a: Renounce Religion


You were in the Dungeon.
You worshipped Vehumet.
Vehumet was noncommittal.
You were not hungry.

You visited 1 branch

Inventory:

Hand Weapons
 I - the +8 lance "Wyrmbane" (weapon) {slay drac, rPois rF+ rC+ AC+3}
   (You found it in the Dungeon)

   It affects your AC (+3).
   It protects you from fire.
   It protects you from cold.
   It protects you from poison.
Armour
 i - a +3 buckler
Jewellery
 p - a +6 ring of dexterity (left tentacle)
 q - a +6 ring of dexterity (right tentacle)
 r - a +6 ring of intelligence (on tentacle)
 s - a +6 ring of intelligence (on tentacle)
 t - a +6 ring of strength (on tentacle)
 u - a +6 ring of strength (on tentacle)
Wands
 v - a wand of disintegration (7/24)
 w - a wand of iceblast (0/15)
 x - a wand of lightning (5/15)
 y - a wand of acid (5/15)
Scrolls
 h - 4 scrolls of blinking
 B - 4 scrolls of amnesia
 C - 3 scrolls of recharging
 D - 7 scrolls of fog
 E - a scroll of holy word
 F - 5 scrolls of identify
 G - 5 scrolls of remove curse
 H - a scroll of fear
Potions
 c - 10 potions of curing
 d - 10 potions of heal wounds
 e - 5 potions of haste
 f - 7 potions of magic
 g - 3 potions of berserk rage
 j - 2 potions of brilliance
 k - a potion of invisibility
 l - 4 potions of resistance
 m - a potion of experience
 n - 5 potions of agility
 o - 5 potions of might
Books
 a - a book of Flames

   Spells                             Type                      Level
   a - Flame Tongue                   Conjuration/Fire             1
   b - Throw Flame                    Conjuration/Fire             2
   c - Conjure Flame                  Conjuration/Fire             3
   d - Inner Flame                    Hexes/Fire                   3
   e - Sticky Flame                   Conjuration/Fire             4
   f - Fireball                       Conjuration/Fire             5
Comestibles
 b - 5 bread rations
 z - 42 fruits
 A - 4 meat rations


   Skills:
 + Level 2.0 Dodging
 + Level 2.6 Stealth
 + Level 2.0 Spellcasting
 + Level 1.0 Conjurations
 + Level 3.0 Fire Magic


You had 3 spell levels left.
You knew the following spells:

 Your Spells              Type           Power        Failure   Level  Hunger
a - Flame Tongue          Conj/Fire      ##...        3%          1    None


Dungeon Overview and Level Annotations

Branches:
Dungeon (1/1)

Altars:
Ashenzari
Cheibriados
Dithmenos
Elyvilon
Fedhas
Gozag
Hepliaklqana
Kikubaaqudgha
Makhleb
Nemelex Xobeh
Okawaru
Qazlal
Ru
Sif Muna
Trog
Uskayaw
Vehumet
Xom
Yredelemnul
Zin
The Shining One
Beogh
Jiyva
Lugonu


Innate Abilities, Weirdness & Mutations

You cannot wear most types of armour.
You are very stealthy in the water.
You are amphibious.
You can wear up to eight rings at the same time.
You can use your tentacles to constrict eight enemies at once.
Your skin changes colour to match your surroundings (Stealth+).
Your rubbery body absorbs attacks. (AC +1, EV +1)


Message History

The draconian is severely wounded.
This wand has 1 charge left.
Unknown command.
Unknown command.
Evoke which item? (* to show all) (? for menu, Esc to quit)
Zapping:
w - a wand of iceblast (1/15)
Press: ? - help, Shift-Dir - straight line, f/p - purple draconian
Aim: a purple draconian, wielding a glaive (heavily wounded, hasn't noticed you)
The mass of ice explodes!
The iceblast engulfs the purple draconian.
The purple draconian is heavily wounded.
The iceblast engulfs the draconian.
The draconian is almost dead.
This wand has 0 charges left.
The purple draconian breathes dispelling energy at you.
The bolt of dispelling energy hits you!
Your magical effects are unravelling.
Your magical contamination has completely faded away.
Ouch! That really hurt!
You die...

▓▓▓▓▓▓▓
▓.8©8.▓
▓.....▓
▓.dd}.▓
▓.....▓
▓.....▓
▓....@▓
▓▓▓▓▓▓▓


You could see a purple draconian and a draconian (wandering).

Vanquished Creatures (others)
  A spatial maelstrom (D)
1 creature vanquished.

Notes
Turn   | Place    | Note
-------+----------+-------------------------------------------
     0 | D        | Sphara the Octopode Fire Elementalist began the quest for the Orb.
     0 | D        | Reached XP level 1. HP: 11/11 MP: 3/3
     0 | D        | Found a blossoming altar of Fedhas.
     1 | D        | Banished a spatial maelstrom
     5 | D        | Found a deep blue altar of Sif Muna.
     5 | D        | Found a sacrificial altar of Ru.
     5 | D        | Found a bloodstained altar of Trog.
     5 | D        | Found a stormy altar of Qazlal.
     5 | D        | Found an iron altar of Okawaru.
     5 | D        | Found a sparkling altar of Nemelex Xobeh.
     8 | D        | Found an ancient bone altar of Kikubaaqudgha.
     8 | D        | Found a corrupted altar of Lugonu.
     8 | D        | Found a burning altar of Makhleb.
     8 | D        | Found a viscous altar of Jiyva.
     8 | D        | Found a hazy altar of Hepliaklqana.
    15 | D        | Found an opulent altar of Gozag.
    25 | D        | Became a worshipper of Vehumet
    50 | D        | Entered arena 1.
    50 | D        | Noticed a purple draconian
    50 | D        | Noticed a draconian
    59 | D        | Killed from afar by a purple draconian

Vault maps used:
D:        sprint_v

Action                   || total
-------------------------++-------
Evoke: Wand              ||     5
  Use: Potion            ||     2
       Scroll            ||     1
Dodge: Dodged            ||     1
